 Dungeon Crawl Stone Soup version 0.28.0 (webtiles) character file.

Game seed: 6595429554478190594

872 freelancePsychic the Chopper (level 7, -9/64 HPs)
             Began as a Minotaur Fighter on Feb 13, 2022.
             Was an Initiate of Uskayaw.
             Killed from afar by an electric eel (11 damage)
             ... with a bolt of electricity
             ... on level 6 of the Dungeon.
             The game lasted 00:06:49 (4766 turns).

freelancePsychic the Chopper (Minotaur Fighter)     Turns: 4766, Time: 00:06:50

Health: -9/64      AC:  9    Str: 21    XL:     7   Next: 74%
Magic:  5/8        EV:  7    Int:  5    God:    Uskayaw [......]
Gold:   294        SH:  4    Dex: 11    Spells: 6/6 levels left

rFire   . . .      SeeInvis .   a - +0 war axe
rCold   . . .      Faith    .   c - +0 buckler
rNeg    . . .      Spirit   .   m - +0 chain mail
rPois   .          Reflect  .   (helmet restricted)
rElec   .          Harm     .   w - scarf {repulsion}
rCorr   .          Rampage  .   (no gloves)
Will    .....                   (no boots)
Stlth   ..........              (no amulet)
HPRegen 0.20/turn               (no ring)
MPRegen 0.11/turn               (no ring)

@: repel missiles
A: horns 2, retaliatory headbutt
a: Renounce Religion


You were on level 6 of the Dungeon.
You worshipped Uskayaw.
Uskayaw was noncommittal.
You visited 1 branch of the dungeon, and saw 6 of its levels.

You collected 294 gold pieces.

Inventory:

Hand Weapons
 a - a +0 war axe (weapon)
Missiles
 e - 10 javelins (quivered)
Armour
 c - a +0 buckler (worn)
 m - a +0 chain mail (worn)
 t - a +0 cloak
 w - a scarf of repulsion (worn)
Scrolls
 g - a scroll of magic mapping {unknown}
 h - a scroll of holy word {unknown}
 i - a scroll of brand weapon {unknown}
 p - a scroll of enchant weapon {unknown}
 q - 5 scrolls of identify {unknown}
 r - 3 scrolls of vulnerability {unknown}
 s - a scroll of fear {unknown}
 u - 3 scrolls of amnesia {unknown}
 x - a scroll of fog {unknown}
 y - a scroll of summoning {unknown}
 z - a scroll of noise {unknown}
Potions
 b - 2 potions of brilliance {unknown}
 d - a potion of might
 f - 2 potions of mutation {unknown}
 j - 2 potions of cancellation {unknown}
 k - a potion of curing {unknown}
 l - 5 potions of heal wounds {unknown}
 n - a potion of flight {unknown}
 o - 2 potions of attraction {unknown}
 v - 2 potions of magic {unknown}


   Skills:
 + Level 6.4 Fighting
 * Level 7.9 Axes
 - Level 3.6 Armour
 - Level 3.6 Shields
 + Level 3.9 Invocations


You had 6 spell levels left.
You didn't know any spells.
Your spell library contained the following spells:

 Spells                   Type           Power      Damage    Failure   Level
 Magic Dart               Conj           0%         1d3       100%        1
 Shock                    Conj/Air       0%         1d3       100%        1
 Ensorcelled Hibernation  Hex/Ice        0%         N/A       100%        2
 Passwall                 Tmut/Erth      0%         N/A       100%        2
 Searing Ray              Conj           0%         2d4       100%        2
 Swiftness                Air            0%         N/A       100%        3
 Airstrike                Air            0%         N/A       100%        4
 Fulminant Prism          Conj/Hex       0%         3d6       100%        4


Dungeon Overview and Level Annotations

Branches:
Dungeon (6/15)             Temple (0/1) D:5

Altars:
Dithmenos
Elyvilon
Nemelex Xobeh
Ru
Uskayaw
Vehumet
Zin

Shops:
D:5 *?(


Innate Abilities, Weirdness & Mutations

You have a pair of horns on your head.
You reflexively headbutt those who attack you in melee.


Message History

No target in view!
No target in view!
HP restored.
An electric eel comes into view.
You completely miss the electric eel.
The electric eel shoots out a bolt of lightning at you!
The bolt of electricity hits you!
You closely miss the electric eel. You barely miss the electric eel.
The electric eel shoots out a bolt of lightning at you!
The bolt of electricity hits you!
An electric eel comes into view.
The electric eel shoots out a bolt of lightning at you!
The bolt of electricity hits you.
You hit the electric eel but do no damage.
Your headbutt misses the electric eel.
The electric eel shoots out a bolt of lightning at you!
The bolt of electricity hits you.
You miss the electric eel.
The electric eel shoots out a bolt of lightning at you!
The bolt of electricity hits the electric eel.
The electric eel completely resists.
The bolt of electricity hits you!
The electric eel shoots out a bolt of lightning at you!
The bolt of electricity hits you.
* * * LOW HITPOINT WARNING * * *
You stomp with the beat, sending a shockwave through the revellers around you!
The electric eel is moderately wounded.
You can no longer stomp with the beat.
The electric eel shoots out a bolt of lightning at you!
The bolt of electricity hits the electric eel.
The electric eel completely resists.
The bolt of electricity hits you!
* * * LOW HITPOINT WARNING * * *
Okay, then.
You aren't carrying any items that you can evoke.
You slash the electric eel!
The electric eel is almost dead.
The electric eel shoots out a bolt of lightning at you!
The bolt of electricity hits the electric eel.
The electric eel completely resists.
The bolt of electricity hits you!
You die...

#<...#### +#
###.....# ...
........###.#
..#############.##
.................#
#../...#####.###
#......# #.#
#......# ###
♣≈♣♣♣@..# ≈ ♣S..#
≈S♣♣≈... ≈≈♣P
≈♣P..# ≈≈≈ ≈≈ P
≈♣... ≈≈ ≈P≈
≈♣♣... ≈ ≈≈≈≈ ≈≈
#.. ≈≈≈≈≈ ♣ ..


You could see 2 electric eels.

Vanquished Creatures
  2 ogres (D:5)
  A centaur (D:5)
  2 phantoms (D:5)
  A scorpion (D:5)
  A water moccasin skeleton (D:6)
  A centaur zombie (D:3)
  A gnoll shaman (D:5)
  A jelly (D:5)
  An iguana (D:3)
  2 bullfrog skeletons (D:5)
  A hound skeleton (D:4)
  A howler monkey skeleton (D:5)
  6 gnolls
  6 adders
  A river rat (D:5)
  2 worms
  2 dart slugs
  7 bats
  3 endoplasms
  4 giant cockroaches
  7 hobgoblins
  2 quokkas (D:2)
  3 ball pythons
  2 frilled lizards (D:1)
  5 goblins
  4 kobolds
  5 rats
74 creatures vanquished.

Vanquished Creatures (others)
  A fungus (D:6)
  2 plants
3 creatures vanquished.

Grand Total: 77 creatures vanquished

Notes
Turn   | Place    | Note
-------+----------+-------------------------------------------
     0 | D:1      | freelancePsychic the Minotaur Fighter began the quest for
                  | the Orb.
     0 | D:1      | Reached XP level 1. HP: 19/19 MP: 0/0
   454 | D:1      | Reached skill level 3 in Axes
   563 | D:1      | Reached XP level 2. HP: 27/27 MP: 1/1
   866 | D:1      | Found a faded altar of an unknown god.
   977 | D:2      | You fall into a shaft and drop 1 floor!
  1002 | D:3      | Found a hide-covered altar of Uskayaw.
  1021 | D:3      | Became a worshipper of Uskayaw the Reveller
  1042 | D:3      | Reached * piety under Uskayaw
  1046 | D:3      | Reached skill level 4 in Axes
  1046 | D:3      | Reached XP level 3. HP: 28/33 MP: 2/2
  1110 | D:3      | Reached ** piety under Uskayaw
  1111 | D:3      | Reached skill level 1 in Invocations
  1158 | D:3      | Found a glowing silver altar of Zin.
  1160 | D:3      | Reached XP level 4. HP: 41/41 MP: 3/3
  1440 | D:3      | Found a sacrificial altar of Ru.
  1932 | D:2      | Reached XP level 5. HP: 38/47 MP: 5/5
  1952 | D:2      | Reached skill level 5 in Axes
  3266 | D:5      | Entered Level 5 of the Dungeon
  3266 | D:5      | Found a white marble altar of Elyvilon.
  3266 | D:5      | Found a shadowy altar of Dithmenos.
  3297 | D:4      | Reached skill level 5 in Fighting
  3300 | D:4      | Reached *** piety under Uskayaw
  3498 | D:5      | Reached XP level 6. HP: 49/56 MP: 6/6
  3536 | D:5      | Found a radiant altar of Vehumet.
  3544 | D:5      | Found a sparkling altar of Nemelex Xobeh.
  3596 | D:5      | Found Wiebuth's Magic Scroll Boutique.
  3609 | D:5      | Reached skill level 6 in Axes
  3688 | D:5      | Found Qirchi Optue's General Store.
  4033 | D:5      | Reached skill level 7 in Axes
  4033 | D:5      | Reached XP level 7. HP: 44/62 MP: 8/8
  4244 | D:5      | Found Rocareca's Antique Weapon Shop.
  4605 | D:5      | Found a staircase to the Ecumenical Temple.
  4765 | D:6      | HP: 2/64 [electric eel/bolt of electricity (13)]
  4766 | D:6      | Killed from afar by an electric eel

Illustrated notes

Levels and vault maps discovered:
D:1:      heliophobic_arrival_enchanted_forest, layout_loops_corners,
          shapermc_ecumenical_altar_hornbeckon
D:2:      layout_rooms, kennysheep_boxes
D:3:      layout_rooms, nicolae_ru_the_path_less_chosen,
          nicolae_uskayaw_suspiria, mainiacjoe_overflow_24_doors,
          hangedman_decor_peaks_small, grunt_ministairs_4
D:4:      layout_loops_cross, lemuel_mausoleum_altar_yredelemnul,
          serial_bayou_lagoon_b
D:5:      layout_rooms, grunt_temple_overflow_open,
          minmay_temple_entry_nine_rooms, portal_sewer_entry_a, serial_shops,
          shop, nicolae_diamond_shop, shop
D:6:      layout_basic, nicolae_qazlal_style_of_elements,
          mainiacjoe_overflow_boulevard, serial_bayou_lake_a, uniq_blork_the_orc

Skill      XL: |  1  2  3  4  5  6  7 |
---------------+----------------------+-----
Axes           | 3 4 5 7 |  7.9
Fighting       | 4 5 6 |  6.4
Invocations    | 1 2 3 |  3.9
Armour         | |  3.6
Shields        | |  3.6

Action                   |  1- 3 |  4- 6 |  7- 9 || total
-------------------------+-------+-------+-------++-------
Melee: War axe           |    46 |   125 |    36 ||   207
       Headbutt          |     8 |    16 |     7 ||    31
Invok: Stomp             |       |       |     1 ||     1
 Stab: Paralysed         |       |     1 |       ||     1
Armor: Scale mail        |    10 |       |       ||    10
       Chain mail        |    14 |    36 |    14 ||    64
Dodge: Dodged            |    19 |    49 |     6 ||    74
Block: Buckler           |    14 |    36 |     3 ||    53
